Map: 紫晶浪漫-天梯版

Players

LEaGeDeR

  • Race: Protoss Protoss

天机 - Winner!

  • Race: Protoss Protoss
  • League: Master

VOD

Have the link to the VOD?

Description

Time

  • Played on: Jan. 9, 2021, 2:34 p.m.
  • Length: 19:36
Show
View Real Time Build Order
Export as new Build Order

LEaGeDeR Protoss 

Build Orders: Blink Stalkers 

Get SALT Encoding   

  12  0:00  Probe  
  13  0:12  Probe  
  14  0:18  Pylon  
  14  0:24  Probe  
  15  0:37  Gateway  
  15  0:40  Probe (Chrono Boost)  
  16  0:44  Assimilator  
  17  0:51  Probe (Chrono Boost)  
  17  0:56  Probe (Chrono Boost)  
  17  0:59  Assimilator  
  18  1:06  Probe (Chrono Boost)  
  19  1:15  Gateway  
  19  1:16  Probe (Chrono Boost)  
  20  1:21  Probe (Chrono Boost)  
  21  1:25  Cybernetics Core  
  21  1:35  Probe  
  21  1:38  Pylon  
  22  1:48  Probe  
  23  2:02  Stalker x2  
  23  2:03  Warp Gate  
  27  2:09  Pylon  
  27  2:42  Probe  
  28  2:44  Stalker x2  
  32  2:58  Twilight Council  
  32  3:02  Nexus  
  32  3:08  Pylon  
  32  3:28  Probe  
  32  3:31  Stalker  
  35  3:34  Stalker  
  35  3:38  Blink (Chrono Boost)  
  35  3:40  Probe  
  38  3:52  Probe  
  39  4:05  Shield Battery  
  39  4:15  Sentry, Stalker  
  39  4:16  Probe x2  
  45  4:23  Shield Battery  
  45  4:24  Pylon  
  45  4:30  Forge  
  45  4:31  Probe  
  45  4:35  Probe  
  45  4:36  Phoenix  
  47  4:41  Robotics Facility  
  47  4:47  Assimilator  
  47  4:48  Probe (Chrono Boost)  
  47  4:49  Probe (Chrono Boost)  
  49  4:59  Probe x2 (Chrono Boost)  
  51  5:04  Probe x2 (Chrono Boost)  
  53  5:15  Probe  
  53  5:18  Stalker x2  
  58  5:30  Probe x2  
  60  5:47  Stalker x2  
  59  6:05  Protoss Ground Weapons Level 1  
  57  6:25  Cybernetics Core  
  57  6:27  Probe  
  57  6:28  Probe  
  57  6:30  Pylon  
  59  6:34  Pylon  
  59  6:39  Observer  
  60  6:40  Pylon, Probe x2  
  60  6:43  Nexus  
  60  6:46  Assimilator  
  62  6:50  Assimilator  
  62  7:11  Gateway x2  
  62  7:12  Gateway  
  62  7:16  Gateway, Probe x2, Pylon  
  64  7:26  Gateway, Pylon  
  64  7:28  Probe x2  
  66  7:31  Gateway  
  58  7:37  Stalker x2  
  60  8:09  Stalker x5  
  54  8:23  Protoss Ground Weapons Level 2, Probe x2  
  54  8:27  Adept x2  
  58  8:35  Stalker x2  
  58  8:36  Stalker x4  
  70  8:48  Stalker  
  70  8:49  Stalker  
  72  8:59  Pylon  
  72  9:01  Pylon  
  72  9:02  Pylon  
  72  9:06  Gateway  
  72  9:08  Gateway  
  72  9:11  Pylon  
  72  9:15  Pylon  
  72  9:19  Pylon  
  68  9:36  Nexus  
  68  9:38  Pylon  
  68  9:40  Assimilator  
  68  9:44  Assimilator  
  68  9:48  Dark Shrine, Cybernetics Core  
  68  9:55  Charge  
  66  10:19  Nexus  
  66  10:22  Pylon  
  66  10:24  Stalker  
  66  10:25  Stalker x8, Pylon  
  66  10:26  Stalker  
  86  10:36  Shield Battery  
  86  10:37  Photon Cannon  
  86  11:05  Stalker x7  
  86  11:08  Sentry x3  
  106  11:30  Dark Templar x4  
  108  12:13  Archon  
  108  12:14  Archon  
  62  12:29  Stalker x4  
  56  12:30  Stalker x6  
  62  12:52  Stalker x4  
  62  12:53  Stalker x5  
  76  13:05  Stalker  
  58  13:19  Stalker  
  54  13:20  Stalker x5  
  54  13:46  Stalker x7  
  64  13:57  Probe x3  
  67  14:04  Dark Templar x2  
  71  14:15  Protoss Ground Weapons Level 3 (Chrono Boost), Archon  
  71  14:21  Stalker  
  73  14:31  Observer  
  74  14:32  Nexus  
  74  14:40  Zealot  
  76  14:48  Stalker x3  
  76  14:49  Stalker  
  84  14:52  Sentry  
  86  15:01  Probe x3  
  89  15:11  Shield Battery  
  89  15:18  Dark Templar  
  89  15:19  Dark Templar x2  
  89  15:53  Pylon  
  89  16:05  Stalker x2  
  89  16:06  Stalker x5  
  103  16:31  Zealot  
  103  16:32  Zealot x7  
  119  16:55  Nexus  
  106  17:17  Stalker x2  
  82  18:03  Nexus  
  61  18:53  Stalker x2  
  61  18:54  Stalker x3  
  46  19:09  Stalker x2  
Show
View Real Time Build Order
Export as new Build Order

天机 Protoss - Winner!

Build Orders:  

Get SALT Encoding   

  12  0:00  Probe (Chrono Boost)  
  13  0:10  Probe (Chrono Boost)  
  14  0:15  Probe (Chrono Boost)  
  15  0:24  Pylon  
  15  0:42  Probe  
  16  0:46  Gateway  
  16  0:48  Forge  
  16  0:54  Probe  
  17  0:58  Assimilator  
  17  1:04  Assimilator  
  17  1:06  Probe (Chrono Boost)  
  18  1:16  Probe (Chrono Boost)  
  18  1:17  Pylon  
  19  1:21  Probe (Chrono Boost)  
  20  1:36  Cybernetics Core  
  20  1:37  Probe  
  21  1:50  Probe  
  22  2:02  Probe  
  23  2:14  Probe  
  23  2:15  Stargate  
  24  2:19  Photon Cannon  
  24  2:23  Stargate  
  24  2:29  Pylon  
  24  2:48  Photon Cannon  
  24  2:52  Void Ray  
  28  3:12  Void Ray  
  28  3:15  Shield Battery  
  28  3:16  Pylon  
  32  3:37  Pylon  
  32  3:44  Void Ray (Chrono Boost)  
  36  4:02  Void Ray (Chrono Boost)  
  36  4:03  Pylon  
  40  4:31  Pylon  
  40  4:42  Nexus  
  40  4:44  Probe, Void Ray  
  45  4:58  Probe  
  46  5:08  Void Ray  
  50  5:17  Probe  
  50  5:20  Pylon  
  51  5:22  Pylon  
  51  5:25  Pylon  
  51  5:29  Void Ray  
  54  5:59  Void Ray  
  50  6:19  Probe x2  
  48  6:26  Void Ray  
  48  6:28  Assimilator  
  48  6:30  Assimilator  
  48  6:31  Probe  
  48  6:32  Probe  
  54  6:44  Probe x2  
  56  6:51  Void Ray  
  56  6:56  Probe x2  
  62  7:07  Void Ray  
  62  7:08  Probe x2  
  68  7:20  Probe x2  
  68  7:21  Photon Cannon  
  62  7:40  Fleet Beacon  
  62  7:43  Probe x2  
  64  7:50  Void Ray  
  64  7:51  Void Ray  
  68  8:27  Void Ray  
  68  8:28  Void Ray  
  68  8:33  Probe  
  77  8:42  Nexus  
  73  9:03  Flux Vanes  
  73  9:04  Void Ray  
  73  9:05  Void Ray  
  69  9:17  Assimilator  
  74  9:33  Probe x2  
  76  9:39  Stargate  
  76  9:41  Stargate  
  76  9:45  Probe  
  77  9:52  Probe  
  78  9:57  Probe  
  79  10:04  Probe  
  72  10:08  Void Ray x2  
  72  10:09  Probe  
  77  10:16  Probe  
  77  10:19  Probe  
  79  10:21  Probe  
  79  10:25  Void Ray  
  79  10:28  Assimilator  
  80  10:29  Probe  
  80  10:31  Probe  
  80  10:34  Probe  
  87  10:41  Probe  
  88  10:43  Probe  
  88  10:46  Void Ray (Chrono Boost)  
  85  10:51  Void Ray (Chrono Boost)  
  85  10:52  Void Ray (Chrono Boost)  
  69  11:00  Void Ray (Chrono Boost)  
  77  11:06  Probe  
  77  11:09  Pylon  
  82  11:11  Pylon  
  82  11:23  Void Ray (Chrono Boost)  
  82  11:24  Void Ray (Chrono Boost)  
  86  11:30  Photon Cannon, Void Ray (Chrono Boost)  
  94  11:38  Void Ray (Chrono Boost)  
  96  11:51  Protoss Air Weapons Level 1  
  82  12:09  Void Ray  
  59  12:28  Probe, Void Ray  
  59  12:32  Probe  
  59  12:35  Void Ray  
  64  12:40  Probe  
  69  12:44  Probe  
  70  12:52  Probe  
  70  12:56  Probe  
  72  13:04  Probe  
  61  13:08  Probe  
  50  13:13  Void Ray  
  50  13:14  Void Ray  
  50  13:31  Probe x2  
  44  13:35  Void Ray  
  40  13:43  Probe x2  
  46  13:55  Probe x2  
  46  13:59  Void Ray  
  48  14:07  Probe  
  48  14:08  Probe  
  48  14:09  Void Ray  
  58  14:18  Pylon  
  58  14:20  Probe x2  
  60  14:27  Void Ray  
  60  14:32  Probe x2  
  60  14:37  Void Ray  
  66  14:39  Shield Battery  
  66  14:44  Probe x2  
  72  14:49  Void Ray  
  76  15:04  Void Ray  
  80  15:26  Nexus  
  80  15:35  Void Ray  
  76  15:45  Probe x2  
  78  15:51  Void Ray  
  82  16:16  Void Ray  
  86  16:34  Probe  
  86  16:35  Void Ray  
  86  17:13  Void Ray x2  
  44  17:53  Nexus  
  44  17:58  Photon Cannon  
  44  18:00  Assimilator  
  30  18:16  Probe  
  31  18:27  Photon Cannon  
  31  18:30  Photon Cannon  
  18  19:09  Probe  
  19  19:21  Probe  
Tags
 
Add a new tag
Caveats
  • Supply blocks, unpowered buildings, or Contaminate may cause inaccurate times.
  • Supply counts are checked every 10 seconds.